 Dungeon Crawl Stone Soup version 0.23.0-3-gf3c87f2 (webtiles) character file.

Game seed: 13251417093006770825

104 dvd the Skirmisher (level 4, 0/29 HPs)
             Began as a Gargoyle Monk on Feb 23, 2019.
             Killed from afar by Natasha (8 damage)
             ... with a magic dart
             ... on level 2 of the Dungeon.
             The game lasted 00:02:38 (1399 turns).

dvd the Skirmisher (Gargoyle Monk)                  Turns: 1399, Time: 00:02:39

Health: 0/29       AC:  9    Str: 15    XL:     4   Next: 80%
Magic:  4/4        EV: 11    Int: 11    God:
Gold:   115        SH:  0    Dex: 12    Spells: 3/3 levels left

rFire    . . .     SeeInvis .   a - +0 hand axe
rCold    . . .     Gourm    .   (no shield)
rNeg     + . .     Faith    .   o - +0 ring mail
rPois    ∞         Spirit   .   (no helmet)
rElec    +         Reflect  .   l - +0 cloak
rCorr    .         Harm     .   (no gloves)
MR       .....                  (no boots)
Stlth    +.........             (no amulet)
HPRegen  0.09/turn              (no ring)
MPRegen  0.09/turn              (no ring)

@: no status effects
A: negative energy resistance 1, electricity resistance, unbreathing,
petrification resistance, rot immunity, AC +3
a: no special abilities


You were on level 2 of the Dungeon.
You were not hungry.

You visited 1 branch of the dungeon, and saw 2 of its levels.

You collected 115 gold pieces.

Inventory:

Hand Weapons
 a - a +0 hand axe (weapon)
Armour
 b - a +0 robe
 d - a +0 leather armour
 l - a +0 cloak (worn)
 m - a +0 chain mail
 o - a +0 ring mail (worn)
Scrolls
 e - 4 scrolls of identify {unknown}
 g - 2 scrolls of enchant armour {unknown}
 j - 3 scrolls of remove curse {unknown}
 k - a scroll of fog {unknown}
 n - a scroll of teleportation {unknown}
Potions
 h - a potion of agility {unknown}
 i - a potion of flight {unknown}
Comestibles
 c - 2 rations
 f - a chunk of flesh


   Skills:
 + Level 3.9 Fighting
 + Level 3.8 Axes
 * Level 1.3 Armour
 + Level 2.6 Dodging
 + Level 2.9 Stealth


You had 3 spell levels left.
You didn't know any spells.
Your spell library was empty.

Dungeon Overview and Level Annotations

Branches:
Dungeon (2/15)

Altars:
Yredelemnul

Annotations:
D:2 Natasha


Innate Abilities, Weirdness & Mutations

You are resistant to torment.
Your stone body is resilient. (AC +3)
You are immune to poison.
You resist negative energy. (rN+)
You are resistant to electric shocks. (rElec)
You can survive without breathing.
You are immune to petrification.
You are immune to rotting.


Message History

Natasha is heavily wounded.
Natasha barely misses you.
You closely miss Natasha.
Natasha is heavily wounded.
Natasha completely misses you.
The crimson imp blinks!
You barely miss Natasha.
Natasha is heavily wounded.
Natasha closely misses you.
Natasha stares at you and mumbles some strange words.
The magic dart hits you!
* * * LOW HITPOINT WARNING * * *
You barely miss Natasha.
Natasha is heavily wounded.
Natasha claws you but does no damage.
You closely miss Natasha.
Natasha is heavily wounded.
The crimson imp blinks!
Natasha stares at you and mumbles some strange words.
The magic dart hits you!
You die...

.# ##>#####.....#
#... .#
#............# ####
.# ##.#####.##### #
.# #.# #5# # .# #.#
#.# # .# #.# #.#
<##### #.# #.#
######### .....#
#.#
#.#########........
####.# #.#
#.@h....§..........
#.# ##.#
###########.#######
#.# #..#
########.## #.#
#.## #.........#
#.# #.# #.######..#
#.# #.# #.# ####.<#
#.# #.# #.# #.....#
#.# #.# #.# #.###.#
####.# #.# #.# #.#
#.#


You could see Natasha and a crimson imp.

Vanquished Creatures
  A scorpion (D:2)
  An adder (D:2)
  An ooze (D:1)
  A worm (D:2)
  A dart slug (D:1)
  2 leopard geckos (D:2)
  3 giant cockroaches (D:1)
  5 goblins
  4 hobgoblins
  4 kobolds
  A ball python (D:1)
  4 bats
  4 frilled lizards
  7 rats
39 creatures vanquished.

Notes
Turn   | Place    | Note
-------+----------+-------------------------------------------
     0 | D:1      | dvd the Gargoyle Monk began the quest for the Orb.
     0 | D:1      | Reached XP level 1. HP: 14/14 MP: 1/1
    37 | D:1      | Reached XP level 2. HP: 12/19 MP: 2/2
   366 | D:1      | Reached XP level 3. HP: 24/24 MP: 3/3
  1027 | D:2      | Found a basalt altar of Yredelemnul.
  1137 | D:2      | Noticed a scorpion
  1148 | D:2      | Killed a scorpion
  1148 | D:2      | Reached skill level 1 in Armour
  1148 | D:2      | Reached XP level 4. HP: 20/29 MP: 4/4
  1385 | D:2      | Noticed Natasha
  1399 | D:2      | Killed from afar by Natasha

Skill      XL: |  1  2  3 |
---------------+----------+-----
Axes           | 3 |  3.8
Armour         | 1 |  1.3
Fighting       | |  3.9
Dodging        | |  2.6
Stealth        | |  2.9

Action                   |  1- 3 |  4- 6 || total
-------------------------+-------+-------++-------
Melee: Hand axe          |   139 |    31 ||   170
 Stab: Sleeping          |     4 |     1 ||     5
  Eat: Chunk             |     1 |     1 ||     2
Armor: Leather armour    |    35 |       ||    35
       Chain mail        |    30 |       ||    30
       Ring mail         |     4 |     5 ||     9
Dodge: Dodged            |    74 |    17 ||    91
